 Dungeon Crawl Stone Soup version 0.20-a0-848-g73d9be0 (console) character file.

6712 nht the Thrower (level 11, -10/115 HPs)
             Began as an Ogre Hunter on Mar 9, 2017.
             Was an Elder of Okawaru.
             Mangled by a minotaur
             ... wielding a +3 hand axe of flaming
              (17 damage)
             ... in a labyrinth.
             The game lasted 00:32:38 (10981 turns).

nht the Thrower (Ogre Hunter)                      Turns: 10981, Time: 00:32:38

Health: -10/115    AC:  6    Str: 18    XL:     11   Next: 3%
Magic:  16/16      EV: 12    Int: 15    God:    Okawaru [****..]
Gold:   294        SH: 11    Dex:  9    Spells: 10/10 levels left

rFire    + . .     SeeInvis +   a - +3 short sword (venom)
rCold    . . .     Gourm    .   b - +1 robe
rNeg     . . .     Faith    .   t - +0 shield
rPois    .         Spirit   .   (helmet restricted)
rElec    .         Reflect  .   c - +1 cloak {+Inv}
rCorr    .         Harm     .   (gloves unavailable)
MR       +....                  (boots unavailable)
Stlth    +++.......             j - amulet of regeneration
Regen    0.7/turn               w - ring of see invisible
MPRegen  0.2/turn               y - ring of protection from fire

@: heroism, studying 3 skills
A: unfitting armour, tough skin 1
a: Heroism, Renounce Religion, Evoke Invisibility


You were in a labyrinth.
You worshipped Okawaru.
Okawaru was greatly pleased with you.
You were hungry.

You visited 3 branches of the dungeon, and saw 12 of its levels.
You also visited: Labyrinth and Sewer.

You collected 541 gold pieces.
You spent 247 gold pieces at shops.

Inventory:

Hand Weapons
 a - a +3 short sword of venom (weapon)
 o - a +0 hunting sling of flaming
Missiles
 k - 285 stones (quivered)
Armour
 b - a +1 robe (worn)
 c - a +1 cloak of invisibility (worn)
 t - a +0 shield (worn)
Magical Staves
 r - an uncursed staff of cold
Jewellery
 j - an amulet of regeneration (around neck)
 w - a ring of see invisible (right hand)
 y - a ring of protection from fire (left hand)
 z - a +2 amulet of reflection
Wands
 u - a wand of confusion (4/48)
Scrolls
 e - 2 scrolls of immolation
 l - 7 scrolls of teleportation
 q - 2 scrolls of blinking
 v - a scroll of amnesia
Potions
 m - 2 potions of magic
 n - a potion of curing
 p - 2 potions of flight
 G - a potion of mutation
Books
 x - a manual of Poison Magic
 A - a manual of
Armour
 B - a manual of Spellcasting
Comestibles
 f - 6 bread rations
 h - 3 meat rations
 i - 10 royal jellies
 s - 7 fruits


   Skills:
 + Level 9.4(14.4) Fighting
 + Level 11.6(16.6) Throwing
 - Level 1.7(6.7) Dodging
 - Level 0.6(5.6) Stealth
 + Level 6.7(11.7) Shields
 + Level 7.4 Invocations


You had 10 spell levels left.
You didn't know any spells.

Dungeon Overview and Level Annotations

Branches:
Dungeon (10/15)            Temple (1/1) D:5            Lair (1/6) D:9
    Orc (0/2) D:9

Altars:
Ashenzari
Cheibriados
Dithmenos
Elyvilon
Fedhas
Gozag
Hepliaklqana
Kikubaaqudgha
Makhleb
Nemelex Xobeh
Okawaru
Qazlal
Ru
Sif Muna
Trog
Uskayaw
Vehumet
Wu Jian
Xom
Yredelemnul
Zin
The Shining One
Beogh

Shops:
D:4 [   D:6 [


Innate Abilities, Weirdness & Mutations

You are too large for most types of armour.
You have tough skin. (AC +1)


Message History

The minotaur is almost dead.
The minotaur hits you with a hand axe of flaming!!
* * * LOW HITPOINT WARNING * * *
The minotaur burns you.
* * * LOW HITPOINT WARNING * * *
The minotaur gores you but does no damage.
You feel much better.
The minotaur hits you with a hand axe of flaming!!
* * * LOW HITPOINT WARNING * * *
The minotaur burns you.
* * * LOW HITPOINT WARNING * * *
You block the minotaur's attack.
Okay, then.
Throwing (i - inventory):
k - 286 stones (quivered)
Press: ? - help, Shift-Dir - straight line, f/p - minotaur
Aim: a minotaur, wielding a hand axe of flaming (almost dead)
You throw a stone. The stone hits the minotaur.
The minotaur is almost dead.
The minotaur hits you with a hand axe of flaming!
You die... █ ██ █ ██.... . .██ █ .. . . █████

.. .█ .█. .█ █
█. ≈≈≈ █.██ ██
.█. █ ≈< █
....█ █ .. █..
.█ █ ███. █. █
█ .(. █. ███
█..███H███....█
█......@....██
..█...█.....█
███ ███.█.█
█.(... █████.█
.█ █


You could see a minotaur.

Vanquished Creatures
  A two-headed ogre (D:8)
  An oklob plant (D:6)
  Joseph (D:7)
  A spiny frog (Lair:1)
  A troll (D:9)
  Prince Ribbit (D:6)
  A human (D:7)
  4 hogs (D:7)
  A hungry ghost (D:9)
  A vampire mosquito (Lair:1)
  2 insubstantial wisps (Lair:1)
  A water moccasin (Lair:1)
  A porcupine (Lair:1)
  A sky beast (D:8)
  Purgy (Sewer)
  An ice beast (D:6)
  9 orc warriors
  2 ogres (D:4)
  2 bullfrogs
  2 scorpions
  5 killer bees
  10 howler monkeys
  5 crimson imps
  A centaur zombie (D:5)
  A quasit (D:8)
  A jelly (D:7)
  A centaur skeleton (D:6)
  4 hounds
  3 orc priests
  3 iguanas
  6 orc wizards
  5 worker ants
  2 hound skeletons
  10 adders
  A shadow imp (D:6)
  A worm (D:4)
  2 dart slugs (D:1)
  6 leopard geckos
  42 orcs
  10 giant cockroaches
  3 goblins
  5 hobgoblins
  22 jackals
  7 quokkas
  5 ball pythons
  9 bats
  7 frilled lizards
  A jackal skeleton (D:7)
  A jackal zombie (D:6)
  9 kobolds
  A leopard gecko skeleton (D:5)
  2 quokka zombies
  11 rats
237 creatures vanquished.

Vanquished Creatures (others)
  A centaur (D:9)
1 creature vanquished.

Grand Total: 238 creatures vanquished

Notes
Turn   | Place    | Note
-------+----------+-------------------------------------------
     0 | D:1      | nht the Ogre Hunter began the quest for the Orb.
     0 | D:1      | Reached XP level 1. HP: 22/22 MP: 1/1
    94 | D:1      | HP: 1/22 [leopard gecko (2)]
   468 | D:1      | Reached XP level 2. HP: 27/29 MP: 2/2
  1188 | D:2      | Reached XP level 3. HP: 35/36 MP: 3/3
  1221 | D:2      | Reached skill level 5 in Throwing
  1712 | D:2      | Reached XP level 4. HP: 44/44 MP: 4/4
  1883 | D:2      | Found a shadowy altar of Dithmenos.
  1998 | D:3      | Found a glowing drain.
  2013 | D:3      | Reached skill level 6 in Throwing
  2033 | D:3      | Reached XP level 5. HP: 36/50 MP: 5/5
  2056 | Sewer    | Entered a sewer
  2141 | Sewer    | Noticed Purgy
  2152 | Sewer    | Killed Purgy
  2152 | Sewer    | Reached skill level 7 in Throwing
  2188 | Sewer    | Reached XP level 6. HP: 42/59 MP: 6/6
  2687 | D:3      | Found a sacrificial altar of Ru.
  2954 | D:4      | Found a blossoming altar of Fedhas.
  3246 | D:4      | Reached skill level 8 in Throwing
  3355 | D:4      | Found Weabloh's Antique Armour Boutique.
  3417 | D:4      | Reached XP level 7. HP: 38/66 MP: 7/7
  3510 | D:5      | Entered Level 5 of the Dungeon
  3531 | D:5      | Found a staircase to the Ecumenical Temple.
  3566 | Temple   | Entered the Ecumenical Temple
  3673 | Temple   | Became a worshipper of Warmaster Okawaru
  3730 | D:5      | Found an ancient bone altar of Kikubaaqudgha.
  3974 | D:5      | Found a glowing silver altar of Zin.
  4327 | D:5      | Reached skill level 9 in Throwing
  4392 | D:6      | Noticed an oklob plant
  4658 | D:6      | Noticed Prince Ribbit
  4670 | D:6      | Reached skill level 1 in Shields
  4673 | D:6      | HP: 1/66 [Prince Ribbit (5)]
  4677 | D:6      | Killed Prince Ribbit
  4677 | D:6      | Reached * piety under Okawaru
  4677 | D:6      | Reached XP level 8. HP: 7/74 MP: 8/8
  4872 | D:6      | Found Deakorur's Armour Boutique.
  5008 | D:6      | Found a hazy altar of Hepliaklqana.
  5530 | D:6      | Reached skill level 1 in Invocations
  5670 | D:6      | Killed an oklob plant
  5670 | D:6      | Reached skill level 10 in Throwing
  5806 | D:6      | Bought a +1 cloak of invisibility for 247 gold pieces
  6099 | D:8      | Reached XP level 9. HP: 80/85 MP: 11/11
  6265 | D:8      | Reached skill level 5 in Fighting
  6576 | D:7      | Identified 3 scrolls of acquirement
  6625 | D:7      | Reached ** piety under Okawaru
  6977 | D:7      | Found an opulent altar of Gozag.
  7001 | D:7      | Found a hazy altar of Hepliaklqana.
  7302 | D:7      | Reached skill level 5 in Shields
  7308 | D:7      | Reached *** piety under Okawaru
  7308 | D:7      | Reached skill level 5 in Invocations
  7572 | D:7      | Noticed Joseph
  7588 | D:7      | Killed Joseph
  7588 | D:7      | Reached XP level 10. HP: 88/102 MP: 11/14
  7790 | D:8      | Noticed a two-headed ogre
  7798 | D:8      | Killed a two-headed ogre
  7798 | D:8      | Reached **** piety under Okawaru
  7798 | D:8      | Reached skill level 11 in Throwing
  8150 | D:8      | Found a white marble altar of Elyvilon.
  8152 | D:8      | Found a snail-covered altar of Cheibriados.
  8153 | D:8      | Found a basalt altar of Yredelemnul.
  8154 | D:8      | Found a sparkling altar of Nemelex Xobeh.
  8154 | D:8      | Found a shimmering altar of Xom.
  8155 | D:8      | Found an opulent altar of Gozag.
  8156 | D:8      | Found a stormy altar of Qazlal.
  8162 | D:8      | Found a burning altar of Makhleb.
  8671 | D:10     | Entered Level 10 of the Dungeon
  9039 | D:9      | Found a staircase to the Lair.
  9452 | D:9      | Found a roughly hewn altar of Beogh.
  9452 | D:9      | Found a staircase to the Orcish Mines.
 10271 | Lair:1   | Entered Level 1 of the Lair of Beasts
 10375 | Lair:1   | Found a labyrinth entrance.
 10376 | Lair:1   | Noticed a spiny frog
 10393 | Lair:1   | Killed a spiny frog
 10393 | Lair:1   | Reached XP level 11. HP: 39/115 MP: 14/16
 10448 | Lab      | Entered a labyrinth
 10965 | Lab      | Noticed a minotaur
 10981 | Lab      | Mangled by a minotaur

Vault maps used:
D:1:      co_arrival_square_in_a_square_in_a_square
D:2:      grunt_dithmenos_smoke
D:3:      nicolae_ru_path_of_blood, portal_sewer_entry_b, corexii_shack
D:4:      serial_shops, nicolae_shop_temple_entry_statues_fountains,
          fedhas_altar_fruit_tree
D:5:      kennysheep_mini, zin_treasury, minmay_temple_entry_overgrown,
          first_bread
D:6:      serial_shops, shop, lemuel_oklob_altar, uniq_prince_ribbit1
D:7:      lemuel_crystal_altar, basic_altar, grunt_livestock, uniq_joseph
D:8:      minitemple, patterned_corridor
D:9:      lair_entry_dummy, david_orc_5
D:10:     hangedman_abyss_or_decor_stagger, nrook_guardian_serpent_double,
          uniq_nergalle
Temple:   kb_temple_of_zot
Lair:1:   lab_entry_generic, pond, lemuel_fruit_tree, serial_bayou_shore_b
Lab:      labyrinth_watery
Sewer:    sewer_co_purgy_island

Skill      XL: |  1  2  3  4  5  6  7  8  9 10 |
---------------+-------------------------------+-----
Throwing       | 5 6 7 8 9 10 11 | 11.6
Shields        | 2 3 5 6 |  6.7
Fighting       | 4 7 9 |  9.4
Invocations    | 3 5 7 |  7.4
Dodging        | |  1.7
Stealth        | |  0.6

Action                   |  1- 3 |  4- 6 |  7- 9 | 10-12 || total
-------------------------+-------+-------+-------+-------++-------
Melee: Short sword       |   115 |   179 |   227 |   206 ||   727
Throw: Stone             |    28 |    16 |   172 |   152 ||   368
       Large rock        |    24 |     8 |    13 |    11 ||    56
       Throwing net      |       |     1 |     2 |     2 ||     5
       Tomahawk          |       |       |       |     6 ||     6
Invok: Heroism           |       |       |     2 |     3 ||     5
Evoke: Wand              |       |       |    21 |    40 ||    61
  Use: Potion            |     1 |       |     7 |     2 ||    10
       Scroll            |       |     5 |    13 |     9 ||    27
 Stab: Sleeping          |     1 |     1 |       |       ||     2
       Invisible         |       |       |     1 |       ||     1
       Confused          |       |       |     2 |     2 ||     4
       Paralysed         |       |       |     1 |       ||     1
  Eat: Chunk             |     3 |     5 |    11 |    10 ||    29
       Fruit             |       |       |     2 |     1 ||     3
Armor: Robe              |    47 |    58 |    90 |    43 ||   238
Dodge: Dodged            |    76 |   110 |   115 |    77 ||   378
Block: Shield            |       |       |    90 |   103 ||   193
       Reflection        |       |       |     1 |     1 ||     2
